 Dungeon Crawl Stone Soup version 0.30-a0-371-gad7725a93e (webtiles) character file.

Game seed: 1946785675411629118

29 snetch the Chopper (level 3, 0/49 HPs)
             Began as a Minotaur Berserker on Nov 21, 2022.
             Was a Follower of Trog.
             Slain by a goblin
             ... wielding a +0 dagger
             ... led by Robin
              (6 damage)
             ... on level 2 of the Dungeon.
             The game lasted 00:01:04 (129 turns).

snetch the Chopper (Minotaur Berserker)              Turns: 129, Time: 00:01:05

Health: 0/49       AC:  2    Str: 23    XL:     3   Next: 1%
Magic:  2/2        EV: 12    Int:  4    God:    Trog [*.....]
Gold:   41         SH:  0    Dex:  9    Spells: 2/2 levels left

rFire   . . .      SeeInvis .    a - +0 hand axe
rCold   . . .      Faith    .    (no shield)
rNeg    . . .      Spirit   .    b - +0 animal skin
rPois   .          Reflect  .    (helmet restricted)
rElec   .          Harm     .    (no cloak)
rCorr   .          Rampage  .    (no gloves)
Will    .....                    (no boots)
Stlth   ..........               (no amulet)
HPRegen 0.28/turn                (no ring)
MPRegen 0.08/turn                (no ring)

@: berserking, very quick
A: horns 2, retaliatory headbutt
a: Renounce Religion, Berserk


You were on level 2 of the Dungeon.
You worshipped Trog.
Trog was aware of your devotion.
You visited 1 branch of the dungeon, and saw 3 of its levels.

You collected 41 gold pieces.

Inventory:

Hand Weapons
 a - a +0 hand axe (weapon)
Missiles
 d - 11 stones (quivered)
Armour
 b - a +0 animal skin (worn)
Scrolls
 c - a scroll of silence {unknown}
 e - a scroll of fear {unknown}
 f - a scroll of identify {unknown}


   Skills:
 + Level 4.2 Fighting
 + Level 4.3 Axes
 + Level 2.6 Armour
 + Level 2.4 Dodging


You had 2 spell levels left.
You didn't know any spells.
Your spell library was empty.

Dungeon Overview and Level Annotations

Branches:
Dungeon (3/15)

Altars:
Okawaru

Annotations:
D:2 Robin


Innate Abilities, Weirdness & Mutations

You have a pair of horns on your head.
You reflexively headbutt those who attack you in melee.


Message History

You kill the goblin!
Trog accepts your kill. The hobgoblin closely misses you.
The goblin hits you with a +0 club.
You are too injured to fight recklessly!
Unknown command.
You closely miss the goblin. You slash the hobgoblin!
You kill the hobgoblin!
Trog accepts your kill.
You barely miss the hobgoblin. You slash the goblin!
You kill the goblin!
Trog accepts your kill.
You slash the hobgoblin!
You kill the hobgoblin!
Trog accepts your kill.
You hit the goblin.
You kill the goblin!
Trog accepts your kill. The hobgoblin completely misses you.
The goblin hits you with a +0 dagger. Robin throws the goblin at you!
You barely miss the goblin. You closely miss the goblin.
You closely miss the hobgoblin. You hit the hobgoblin.
You kill the hobgoblin!
Trog accepts your kill.
You closely miss the goblin. x2
You have reached level 3!
Your experience leads to an increase in your attributes!
Increase (S)trength, (I)ntelligence, or (D)exterity?
You feel stronger. x2
Unknown command.
You slash the goblin!
You kill the goblin!
Trog accepts your kill.
You closely miss the goblin. x2; You miss the goblin.
You hit the hobgoblin. The hobgoblin hits you.
* * * LOW HITPOINT WARNING * * *
The goblin hits you with a +0 club.
* * * LOW HITPOINT WARNING * * *
Robin flexes a bicep menacingly.
The goblin hits you with a +0 dagger.
You die...

..............♣
♣.
...............
..?..........
##.<........
...........
........
!....##
...###gg†.#
......)@g.#
......))g....#
.......g...^..<
♣............##
♣.....[........
♣...?...?......
♣..........._..
♣..............


You could see Robin, a hobgoblin (strong) and 3 goblins.

Vanquished Creatures
  An adder (D:3)
  A bat (D:2)
  A giant cockroach (D:3)
  7 goblins (D:2)
  4 hobgoblins (D:2)
  2 kobolds (D:2)
  A ball python (D:2)
17 creatures vanquished.

Notes
Turn   | Place    | Note
-------+----------+-------------------------------------------
     0 | D:1      | snetch the Minotaur Berserker began the quest for the Orb.
     0 | D:1      | Reached XP level 1. HP: 19/19 MP: 0/0
    95 | D:3      | Reached XP level 2. HP: 24/27 MP: 1/1
   118 | D:2      | Found an iron altar of Okawaru.
   120 | D:2      | Noticed Robin
   129 | D:2      | Reached XP level 3. HP: 17/33 MP: 2/2
   129 | D:2      | Slain by a goblin

Illustrated notes

Levels and vault maps discovered:
D:1:      dreamdust_arrival_sigmund_warning, layout_loops_ring,
          basic_ecumenical_altar, st_stairs_11
D:2:      layout_rooms, serial_forest, infiniplex_forest_end_1,
          infiniplex_forest_clump_large, infiniplex_forest_lined_2,
          infiniplex_forest_clump_tiny, infiniplex_forest_clump_diagonal,
          infiniplex_forest_corner_1, infiniplex_forest_straight_1,
          infiniplex_forest_end_1, basic_altar, nicolae_shop_unique_rings,
          minmay_misc_feat_tiny, chequers_arboretum, uniq_crazy_yiuf_cottage,
          uniq_robin
D:3:      layout_basic, minmay_fractal_squares_gapless_5, uniq_ijyb

Skill      XL: |  1 |
---------------+----+-----
Fighting       | 4 |  4.2
Axes           | 4 |  4.3
Armour         | |  2.6
Dodging        | |  2.4

Action                   || total
-------------------------++-------
Melee: Hand axe          ||    21
       Headbutt          ||     1
Invok: Berserk           ||     1
Armor: Animal skin       ||     3
Dodge: Dodged            ||    21

Table legend: (Time is in decaauts)
 A = Elapsed time spent in this place.
 B = Non-inter-level travel time spent in this place.
 C = Inter-level travel time spent in this place.
 D = Time resting spent in this place.
 E = Time spent auto-exploring this place.
 F = Levels seen in this place.
 G = Mean time per level.
                   A        B        C        D        E       F      G
               +--------+--------+--------+--------+--------+-----+--------+
         Total |    128 |    128 |      0 |      0 |     26 |   3 |   42.7 |
       Dungeon |    128 |    128 |      0 |      0 |     26 |   3 |   42.7 |
               +--------+--------+--------+--------+--------+-----+--------+

Top non-repeatable levels by time:
     D:2: 75 daAuts
     D:3: 32 daAuts
     D:1: 21 daAuts
